 Dungeon Crawl Stone Soup version 0.18.1-1-g2f07953 (webtiles) character file.

2440 FarmerKarma the Martial Artist (level 9, -4/69 HPs)
             Began as a Mummy Monk on June 3, 2016.
             Slain by a harpy skeleton (8 damage)
             ... on level 9 of the Dungeon.
             The game lasted 00:40:35 (15549 turns).

FarmerKarma the Martial Artist (Mummy Monk)        Turns: 15549, Time: 00:40:35

Health: -4/69      AC:  6    Str: 16    XL:     9   Next: 25%
Magic:  9/9        EV: 15    Int: 12    God:
Gold:   345        SH:  0    Dex: 16    Spells: 0 memorised, 8 levels left

rFire  x . .     SeeInvis .       - Unarmed
rCold  + + .     Gourm    .     (no armour)
rNeg   + + +     Faith    .     (no shield)
rPois  ∞         Spirit   .     h - +2 helmet
rElec  +         Dismiss  .     a - +0 cloak
rCorr  .         Reflect  .     e - +1 pair of gloves of Pyodid {rElec rC+ rN+ Int+3 Stlth-}
SustAt .         Harm     .     (no boots)
MR     +....                    (no amulet)
Stlth  +.........               (no ring)
                                (no ring)

@: about to teleport, somewhat resistant to hostile enchantments, very
unstealthy
A: no food or potions, fire vulnerability, cold resistance 1, negative energy
resistance 3, torment resistance, unbreathing
a: no special abilities


You were on level 9 of the Dungeon.
You were not hungry.

You visited 1 branch of the dungeon, and saw 9 of its levels.

You collected 345 gold pieces.

Inventory:

Armour
 a - a +0 cloak (worn)
 e - the +1 pair of gloves of Pyodid (worn) {rElec rC+ rN+ Int+3 Stlth-}
   (You found it on level 7 of the Dungeon)

   It affects your intelligence (+3).
   It protects you from cold.
   It insulates you from electricity.
   It protects you from negative energy.
   It makes you less stealthy.
 h - a +2 helmet (worn)
Scrolls
 c - a scroll of fog
 d - 3 scrolls of remove curse
 f - 2 scrolls of magic mapping {!r}
Comestibles
 j - 4 fruits (quivered)


   Skills:
 + Level 5.9 Fighting
 + Level 4.8 Dodging
 + Level 3.2 Stealth
 * Level 8.9 Unarmed Combat


You had 8 spell levels left.
You didn't know any spells.

Dungeon Overview and Level Annotations

Branches:
Dungeon (9/15)             Temple (0/1) D:5
   Lair: D:8-11         Orc: D:9-12

Altars:
Cheibriados
Elyvilon
Fedhas
Kikubaaqudgha
Makhleb
Okawaru
Pakellas
Qazlal
Ru
Sif Muna
Trog
Vehumet

Annotations:
D:4 exclusion: ogre, Dowan, Duvessa, Eustachio, Menkaure
D:7 exclusion: 2 slaves
D:8 Joseph, Prince Ribbit


Innate Abilities, Weirdness & Mutations

You do not eat or drink.
Your flesh is vulnerable to fire.
You are immune to poison.
Your flesh is cold resistant.
You are immune to negative energy.
You are immune to unholy pain and torment.
You can survive without breathing.


Message History

An orc comes into view. It is wielding a mace.
The orc shouts!
You hit the orc.
The orc is moderately wounded.
The orc hits you with a mace.
You hit the orc.
The orc is severely wounded.
The orc hits you but does no damage.
You hit the orc.
The orc is almost dead.
You closely miss the orc.
The orc is almost dead.
The orc barely misses you.
You barely miss the orc.
The orc is almost dead.
The orc hits you with a mace.
You punch the orc!
You kill the orc!
You start resting.
HP restored.
There is a stone staircase leading down here.
Unknown command.
Unknown command.
Unknown command.
You climb downwards.
Level annotation: Joseph, Prince Ribbit Joseph shouts!
You hear a shout!
Joseph shoots a sling bullet.
The sling bullet closely misses you.
There is a stone staircase leading up here.
Unknown command.
Read which item? (? for menu, Esc to quit)
As you read the scroll of fog, it crumbles to dust.
The scroll dissolves into smoke.
Joseph shoots a sling bullet.
The sling bullet barely misses you.
Joseph shoots a sling bullet.
The sling bullet hits you!
You see here 2 sling bullets.
Joseph shoots a sling bullet.
The sling bullet hits you!
You see here a sling bullet.
There is a stone staircase leading down here.
Joseph shoots a sling bullet.
The sling bullet barely misses you.
There is a stone staircase leading down here.
Joseph shoots a sling bullet.
The sling bullet hits you.
You climb downwards.
There is a stone staircase leading up here.
Unknown command.
Read which item? (? for menu, Esc to quit)
Really read
f - 3 scrolls of magic mapping {!r}?
As you read the scroll of magic mapping {!r}, it crumbles to dust.
You feel aware of your surroundings.
You sensed 2 altars.
Unknown command.
Unknown command.
You start resting.
HP restored.
You open the door.
There is an open door here.
You open the door.
There is an open door here.
There is an open door here.
There is an open door here.
There is a stone staircase leading up here.
You are undead.
Your movement speed is average.
Your attack speed is above average.
Your base attributes are Str 16, Int 9, Dex 16.
You are somewhat resistant to hostile enchantments.
You are very unstealthy.
Unknown command.
You see here a meat ration.
You open the door.
There is an open door here.
Found a radiant altar of Vehumet.
A harpy skeleton comes into view.
The harpy skeleton closely misses you. The harpy skeleton claws you!
The harpy skeleton claws you! The harpy skeleton misses you.
The harpy skeleton claws you!
The harpy skeleton completely misses you.
You hit the harpy skeleton but do no damage.
The harpy skeleton claws you!
* * * LOW HITPOINT WARNING * * *
The harpy skeleton claws you.
* * * LOW HITPOINT WARNING * * *
The harpy skeleton claws you!
* * * LOW HITPOINT WARNING * * *
The harpy skeleton misses you.
You hit the harpy skeleton. You punch the harpy skeleton.
The harpy skeleton claws you.
* * * LOW HITPOINT WARNING * * *
The harpy skeleton closely misses you. The harpy skeleton claws you!
* * * LOW HITPOINT WARNING * * *
The harpy skeleton misses you.
Unknown command.
Read which item? (? for menu, Esc to quit)
As you read the scroll of teleportation, it crumbles to dust.
You feel strangely unstable.
The harpy skeleton claws you but does no damage.
The harpy skeleton claws you.
* * * LOW HITPOINT WARNING * * *
The harpy skeleton misses you. The harpy skeleton closely misses you.
The harpy skeleton closely misses you. The harpy skeleton barely misses you.
The harpy skeleton misses you. The harpy skeleton claws you!
You die...

,.................!.#
,.....##.#####......#
,...,,*#....##......#
,.,,,,*####..'......#
,,,,,,****####......#
***,,,,,,,**######'##
**,,*****,,,,..##%<#
*,,,*****,***#.#..##
,,*,**,,.,,,,#.#@#####
+**,**,*#..,,#.Z.....#
,,,,**,*.....#.......#
,,,,,,,,._...........#
,,,,,*,,...#.##......#
,,,,,*,,.,*#.*#......#
,,,,,*,,,,,.,*#......#
,,,,,****,#***#......#
,,,,,,,,,,****########


You could see a harpy skeleton.

Vanquished Creatures
  A wraith (D:7)
  A hungry ghost (D:7)
  A human (D:7)
  A wyvern (D:7)
  3 ice beasts
  An ogre (D:5)
  A sky beast (D:7)
  A necrophage (D:6)
  A centaur (D:6)
  3 giant frogs (D:6)
  3 scorpions
  A crimson imp (D:7)
  A jelly (D:6)
  Crazy Yiuf (D:6)
  A giant frog skeleton (D:4)
  2 hounds
  2 orc priests (D:6)
  5 orc wizards
  A centaur skeleton (D:6)
  2 iguanas
  5 worker ants
  2 sheep (D:7)
  A hound zombie (D:7)
  A hound skeleton (D:6)
  2 worker ant zombies
  Robin (D:3)
  4 adders
  4 gnolls (D:4)
  A howler monkey skeleton (D:5)
  3 shadow imps
  2 oozes
  An adder skeleton (D:7)
  3 worms
  2 dart slugs
  3 giant geckos
  20 orcs
  11 bats
  12 hobgoblins
  7 jackals
  9 kobolds
  4 quokkas
  3 ball pythons
  A giant gecko skeleton (D:6)
  4 giant newts
  13 goblins
  A quokka zombie (D:5)
  6 rats
159 creatures vanquished.

Vanquished Creatures (others)
  A fungus (D:6)
1 creature vanquished.

Grand Total: 160 creatures vanquished

Notes
Turn   | Place    | Note
--------------------------------------------------------------
     0 | D:1      | FarmerKarma the Mummy Monk began the quest for the Orb.
     0 | D:1      | Reached XP level 1. HP: 18/18 MP: 1/1
   348 | D:1      | Reached XP level 2. HP: 14/24 MP: 2/2
  1152 | D:1      | Reached skill level 4 in Unarmed Combat
  1388 | D:1      | Reached XP level 3. HP: 29/29 MP: 3/3
  1946 | D:2      | Found a faded altar to an unknown god.
  2527 | D:2      | HP: 7/29 [orc/mace (5)]
  2528 | D:2      | HP: 2/29 [orc/mace (5)]
  3161 | D:2      | Found an ancient bone altar of Kikubaaqudgha.
  3587 | D:3      | Noticed Robin
  3604 | D:2      | Reached XP level 4. HP: 28/35 MP: 4/4
  4035 | D:3      | Reached skill level 5 in Unarmed Combat
  4407 | D:2      | HP: 6/35 [worm (7)]
  4762 | D:3      | HP: 7/35 [Robin/club (4)]
  5505 | D:3      | Reached XP level 5. HP: 34/41 MP: 5/5
  5680 | D:3      | Found an iron altar of Okawaru.
  5828 | D:3      | Killed Robin
  6038 | D:4      | Noticed Menkaure
  6525 | D:4      | HP: 7/41 [gnoll/halberd (13)]
  6578 | D:4      | HP: 8/41 [worker ant (6)]
  6582 | D:4      | Reached skill level 6 in Unarmed Combat
  6881 | D:4      | Noticed an ogre
  7114 | D:4      | Reached XP level 6. HP: 29/47 MP: 6/6
  7164 | D:4      | HP: 9/47 [gnoll/spear (8)]
  7530 | D:4      | Noticed Eustachio
  7554 | D:4      | Noticed Duvessa
  7554 | D:4      | Noticed Dowan
  7629 | D:5      | Entered Level 5 of the Dungeon
  7681 | D:5      | Found a staircase to the Ecumenical Temple.
  7861 | D:5      | HP: 11/47 [iguana (11)]
  7866 | D:5      | HP: 7/47 [iguana (4)]
  8758 | D:5      | HP: 10/47 [iguana (5)]
  9020 | D:6      | Noticed an ice beast
  9029 | D:6      | Found a snail-covered altar of Cheibriados.
  9029 | D:6      | Found a blossoming altar of Fedhas.
  9030 | D:6      | Found a stormy altar of Qazlal.
  9208 | D:6      | Found a snail-covered altar of Cheibriados.
  9537 | D:6      | Found a deep blue altar of Sif Muna.
  9702 | D:5      | Reached skill level 3 in Dodging
  9702 | D:5      | Reached XP level 7. HP: 38/52 MP: 7/7
 10142 | D:7      | Noticed a two-headed ogre
 10233 | D:6      | HP: 11/52 [orc warrior/battleaxe (17)]
 10262 | D:6      | HP: 11/52 [orc wizard/magic dart (5)]
 10681 | D:5      | Reached skill level 7 in Unarmed Combat
 10775 | D:6      | Reached skill level 4 in Fighting
 11444 | D:6      | Found an oddly glowing altar of Pakellas.
 11453 | D:6      | Reached XP level 8. HP: 58/61 MP: 8/8
 11469 | D:6      | Found a bloodstained altar of Trog.
 11588 | D:6      | Noticed Crazy Yiuf
 11754 | D:8      | Noticed Joseph
 11928 | D:7      | Reached skill level 4 in Dodging
 12159 | D:7      | Got a pair of distressingly furry gloves
 12165 | D:7      | Identified the +1 pair of gloves of Pyodid {rElec rC+ rN+ Int+3 Stlth-} (You found it on level 7 of the Dungeon)
 12193 | D:7      | Reached skill level 8 in Unarmed Combat
 12321 | D:6      | Reached skill level 5 in Fighting
 12661 | D:6      | Killed Crazy Yiuf
 12764 | D:6      | Found a white marble altar of Elyvilon.
 13178 | D:7      | Reached skill level 2 in Stealth
 13652 | D:7      | Reached XP level 9. HP: 66/68 MP: 9/9
 13853 | D:7      | Reached skill level 3 in Stealth
 14240 | D:7      | Found a sacrificial altar of Ru.
 14241 | D:7      | Found a burning altar of Makhleb.
 14425 | D:8      | Noticed Prince Ribbit
 15539 | D:9      | Found a radiant altar of Vehumet.
 15547 | D:9      | HP: 9/69 [harpy skeleton (10)]
 15548 | D:9      | HP: 3/69 [harpy skeleton (6)]
 15549 | D:9      | Slain by a harpy skeleton

Skill      XL: |  1  2  3  4  5  6  7  8  9 |
---------------+----------------------------+-----
Unarmed Combat | 4 5 6 7 8 |  8.9
Dodging        | 3 4 |  4.8
Fighting       | 4 5 |  5.9
Stealth        | 2 3 |  3.2

Action                   |  1- 3 |  4- 6 |  7- 9 || total
-------------------------+-------+-------+-------++-------
Melee: Unarmed           |   189 |   276 |   398 ||   863
       Punch             |     1 |    12 |    12 ||    25
  Use: Scroll            |     5 |     7 |     9 ||    21
 Stab: Sleeping          |       |     3 |     1 ||     4
       Distracted        |       |     1 |       ||     1
       Fleeing           |       |     1 |       ||     1
       Invisible         |       |       |     1 ||     1
Armor: Skin              |       |    14 |    52 ||    66
Dodge: Dodged            |   147 |   162 |   225 ||   534

Vault maps used:
D:1:      scummos_arrival_hexagon
D:2:      old_standard_altar, ecumenical_altar_2, first_bread
D:3:      okawaru_gym_becter, uniq_robin
D:4:      uniq_eustachio, uniq_menkaure, uniq_duvessa
D:5:      minmay_temple_entry_mist
D:6:      grunt_temple_overflow_open, old_standard_altar, basic_altar,
          grunt_tough_drop, uniq_crazy_yiuf_cottage
D:7:      gammafunk_temple_overflow_pools, grunt_livestock, uniq_pikel
D:8:      marbit_many_paths, basic_altar, uniq_prince_ribbit1, uniq_joseph,
          uniq_gastronok
D:9:      nicolae_overflow_crystal_walls, kennysheep_mini,
          kennysheep_generic_room_7

Table legend:
 A = Turns spent in this place as a percentage of turns spent in the entire game.
 B = Non-inter-level travel turns spent in this place as a percentage of non-inter-level travel turns spent in the entire game.
 C = Inter-level travel turns spent in this place as a percentage of turns spent in this place.
 D = Turns resting spent in this place as a percentage of non-inter-level travel turns spent in this place.
 E = Turns spent auto-exploring this place as a percentage of non-inter-level travel turns spent in this place.
 F = Non-inter-level travel turns spent in this place divided by the number of levels of this place that you've seen.
                   A       B       C       D       E      F
               +-------+-------+-------+-------+-------+----------------------
         Total | 100.0 | 100.0 |   0.9 |   5.3 |   3.4 | 429.6
       Dungeon | 100.0 | 100.0 |   0.9 |   5.3 |   3.4 | 429.6
               +-------+-------+-------+-------+-------+----------------------

Table legend:
 A = Kills in this place as a percentage of kills in entire the game.
 B = Kills by you in this place as a percentage of kills by you in the entire game.
 C = Kills by friends in this place as a percentage of kills by friends in the entire game.
 D = Other kills in this place as a percentage of other kills in the entire game.
 E = Experience gained in this place as a percentage of experience gained in the entire game.
 F = Experience gained in this place divided by the number of levels of this place that you have seen.
                   A       B       C       D       E      F
               +-------+-------+-------+-------+-------+----------------------
         Total | 100.0 | 100.0 |  -nan |  -nan | 100.0 | 387.4
       Dungeon | 100.0 | 100.0 |  -nan |  -nan | 100.0 | 387.4
               +-------+-------+-------+-------+-------+----------------------
